 Dungeon Crawl Stone Soup version 0.17-a0-1311-gbcbd859 (webtiles) character file.

366259 sqallbeste the Slayer (level 22, -41/216 HPs)
             Began as a Hill Orc Fighter on June 8, 2015.
             Was a High Priest of Yredelemnul.
             Killed from afar by a titan (52 damage)
             ... with a bolt of lightning
             ... on level 5 of the Vaults.
             The game lasted 05:05:10 (57958 turns).

sqallbeste the Slayer (Hill Orc Fighter)           Turns: 57958, Time: 05:05:10

Health: -41/216    AC: 40    Str: 36    XL:     22   Next: 56%
Magic:  33/33      EV: 15    Int: 12    God:    Yredelemnul [*****.]
Gold:   3221       SH: 18    Dex: 16    Spells: 0 memorised, 21 levels left

rFire  + + +     SeeInvis .     P - +8 war axe (flame)
rCold  + . .     Clarity  .     Y - +6 plate armour {MR+}
rNeg   + . .     SustAt   .     w - +1 shield "Vearar" {+Inv Str+5}
rPois  .         Gourm    .     v - +0 helmet
rElec  .         Spirit   .     X - +2 cloak
rCorr  .         Warding  .     C - +2 pair of gloves
rMut   .         Stasis   .     F - +2 pair of boots {run}
MR     +++..                    A - amulet "Olunkih" {Faith *Drain Str+2 Int+4}
Stlth  ..........               L - ring "Nuismur" {rN+ MR+ Dex+2}
                                E - ring "Lulosmos" {*Drain rF+++ rC+ Str-3 Slay+3}

@: mighty, lethally poisoned (-41 -> -89), very slightly contaminated, quick,
extremely resistant to hostile enchantments, extremely unstealthy
A: thin metallic scales 1, spit poison 1, strong 1
a: Spit Poison, Animate Dead, Recall Undead Slaves, Injury Mirror, Drain Life,
Enslave Soul, Renounce Religion, Evoke Invisibility
}: 2/15 runes: decaying, serpentine


You were on level 5 of the Vaults.
You worshipped Yredelemnul.
Yredelemnul was extremely pleased with you.
You were very full.

You visited 9 branches of the dungeon, and saw 47 of its levels.
You visited 3 bazaars.
You also visited: Bailey.

You collected 5952 gold pieces.
You spent 2618 gold pieces at shops.
You paid 113 gold pieces to Gozag.

Inventory:

Hand weapons
 P - a +8 war axe of flaming (weapon)
Armour
 v - a +0 helmet (worn)
 w - the +1 shield "Vearar" (worn) {+Inv Str+5}
   (You acquired it on level 2 of the Vaults)

   It affects your strength (+5).
   It lets you turn invisible.
 C - a +2 pair of gloves (worn)
 F - a +2 pair of boots of running (worn)
 S - a +1 pair of boots of flying
 X - a +2 cloak (worn)
 Y - a +6 plate armour of magic resistance (worn)
Jewellery
 a - an uncursed ring of teleportation
 p - an uncursed ring of see invisible
 r - an uncursed ring of sustain attributes
 t - an uncursed amulet of warding
 A - the amulet "Olunkih" (around neck) {Faith *Drain Str+2 Int+4}
   (You took it off an orc priest on level 12 of the Dungeon)

   [amulet of faith]

   It allows you to gain divine favour quickly.
   It affects your strength (+2).
   It affects your intelligence (+4).
   It causes draining when unequipped.
 E - the ring "Lulosmos" (left hand) {*Drain rF+++ rC+ Str-3 Slay+3}
   (You found it on level 3 of the Elven Halls)

   [ring of protection from cold]

   It affects your strength (-3).
   It affects your accuracy and damage with ranged weapons and melee attacks
   (+3).
   It renders you almost immune to fire.
   It protects you from cold.
   It causes draining when unequipped.
 L - the ring "Nuismur" (right hand) {rN+ MR+ Dex+2}
   (You found it on level 14 of the Dungeon)

   [ring of protection from magic]

   It affects your dexterity (+2).
   It protects you from negative energy.
   It affects your resistance to hostile enchantments.
 R - an uncursed ring of protection from fire
Magical devices
 b - a wand of cold (4)
 D - a wand of hasting (4)
 O - a wand of digging (4)
Scrolls
 l - 7 scrolls of remove curse
 n - 2 scrolls of brand weapon
 s - 4 scrolls of fog
 G - 5 scrolls of blinking
 I - 4 scrolls of fear
 M - 3 scrolls of recharging
 T - 4 scrolls of teleportation
 V - 2 scrolls of amnesia
 W - a scroll of identify
Potions
 d - 5 potions of resistance
 f - 4 potions of brilliance
 i - 2 potions of cancellation
 B - 5 potions of agility
 H - 3 potions of curing
 Q - 4 potions of haste
Miscellaneous
 c - a plain deck of changes {drawn: 1}
 g - a stone of tremors
 k - an ornate deck of changes {the Elixir}
 m - a phial of floods
 o - a lamp of fire
 q - a box of beasts
 x - a lantern of shadows
 y - a fan of gales
 z - a phial of floods
 K - a plain deck of defence
 U - a lantern of shadows
Comestibles
 e - 5 bread rations
 h - 10 fruits
 j - 5 royal jellies
 u - 7 slices of pizza
 N - a beef jerky
 Z - 17 meat rations


   Skills:
 - Level 22.3 Fighting
 - Level 20.0 Axes
 - Level 20.1 Armour
 - Level 9.1 Dodging
 * Level 18.8 Shields
 - Level 15.4 Invocations
 - Level 0.8 Evocations


You had 21 spell levels left.
You didn't know any spells.

Dungeon Overview and Level Annotations

Branches:
Dungeon (15/15)            Temple (1/1) D:7            Lair (8/8) D:9
  Swamp (4/4) Lair:5        Snake (4/4) Lair:3        Slime (0/6) Lair:8
    Orc (4/4) D:12            Elf (3/3) Orc:4        Vaults (5/5) D:14
  Crypt (3/3) Vaults:2     Depths (0/5) D:15
   Tomb: Crypt:3

Altars:
Ashenzari
Cheibriados
Dithmenos
Elyvilon
Fedhas
Gozag
Kikubaaqudgha
Makhleb
Nemelex Xobeh
Okawaru
Qazlal
Ru
Sif Muna
Trog
Vehumet
Xom
Yredelemnul
Zin
The Shining One
Beogh
Jiyva

Shops:
D:10 [   D:11 :   D:15 %(!((   Orc:1 }[:!   Orc:2 }   Orc:3 *   Orc:4 *(([=
Vaults:4 %

Portals:
Trove: D:15 (give 5 scrolls of blinking)


Innate Abilities, Weirdness & Mutations

You are partially covered in thin metallic scales (AC +2).
You can spit weak poison.
Your muscles are strong. (Str +2)


Message History

The ancient lich touches your human zombie!
The large abomination hits you but does no damage.
The lich gestures wildly while chanting.
The lich flickers and vanishes!
Your human zombie hits the ancient lich but does no damage.
You don't know any spells.
Blink to where?
Press: ? - help, Dir - move target cursor You are very lightly contaminated with residual magic.
As you read the scroll of blinking, it crumbles to dust.
* * * LOW HITPOINT WARNING * * *
You feel very sick.
Your human zombie hits the ancient lich but does no damage.
Your human zombie hits the battlesphere with a battleaxe!
Your human zombie misses the tengu reaver.
Your human zombie barely misses the titan.
The titan points at you and mumbles some strange words.
The bolt of lightning hits you!
You die...
Your body rises from the dead as a mindless zombie.

#..#....# ..... #..#....##.....
###..#....#...... ....#....#.....
.............
##################...)....#######
....).....^.....@....<<[{........
....................<2:X.........
.....................XXX[........
..................XC(Q.LX........
##################XLZ*.k..#######
#.X.Z...X{# #X.c#....#.X#
.[.#p##....#...# #C###
#....#....#


You could see 2 tentacled monstrosities, a titan, 2 ancient liches, a tengu
reaver (fleeing), a yaktaur captain (fleeing), a balrug, a death drake
(fleeing), 5 large abominations and 2 friendly human zombies.

Vanquished Creatures
  Boris (Crypt:2)
  Saint Roka (Orc:2)
  A golden dragon (Vaults:5)
  A profane servitor (Crypt:3)
  A bone dragon (Crypt:3)
  A titan (Vaults:5)
  Asterion (Elf:3)
  2 deep elf blademasters
  2 deep elf master archers (Elf:3)
  An ancient champion (Crypt:3)
  A thorn hunter (Swamp:4)
  A tengu reaver (Vaults:5)
  A revenant (Crypt:1)
  A greater naga (Snake:4)
  5 deep elf sorcerers
  A curse skull (Crypt:1)
  14 ghouls
  A vault warden (Vaults:3)
  3 ironheart preservers
  2 orc warlords
  A vampire knight (Crypt:2)
  4 deep elf demonologists
  5 deep elf annihilators
  Azrael (Elf:1)
  4 deep elf death magi
  3 eidola
  2 ettins
  2 yaktaur captains
  7 jiangshi
  Josephine (Orc:3)
  3 deep elf high priests (Elf:3)
  19 vault guards
  A great orb of eyes (Vaults:1)
  An ice dragon (Swamp:4)
  A ghost crab (Swamp:3)
  3 naga warriors
  4 centaur warriors
  Erolcha (D:9)
  6 anacondas
  6 dancing weapons (Elf:2)
  3 hydras
  A death knight (Crypt:3)
  2 ogre magi
  A catoblepas (D:13)
  5 death yaks (Lair:8)
  A vampire mage (Crypt:2)
  A deep troll shaman (Vaults:1)
  A small abomination (Elf:3)
  2 naga sharpshooters
  2 shock serpents
  An orc high priest (Orc:4)
  5 deep trolls
  18 skeletal warriors
  17 deep elf knights
  A shadow wraith (Crypt:3)
  2 salamander mystics (Snake:4)
  A giant orange brain (Vaults:3)
  8 orc knights
  7 deep elf summoners
  5 hill giants
  6 harpies
  2 shambling mangroves (Swamp:2)
  3 naga ritualists
  4 ironbrand convokers
  A swamp dragon (shapeshifter) (Vaults:3)
  An unseen horror (D:12)
  2 lindwurms (Snake:4)
  2 wizards (Elf:1)
  11 phantasmal warriors
  6 orc sorcerers
  15 deep elf conjurers
  A manticore (D:14)
  5 mana vipers
  14 ugly things
  3 griffons
  2 vault sentinels
  A salamander (Snake:2)
  Maurice (D:7)
  2 guardian serpents
  2 polar bears
  Joseph (D:8)
  An octopode (shapeshifter) (Vaults:4)
  14 black mambas
  2 hornets
  A shock serpent skeleton (Crypt:2)
  6 naga magi
  9 spiny frogs
  6 kobold demonologists
  A dire elephant skeleton (Crypt:1)
  2 komodo dragons
  An efreet (D:15)
  A fire drake (Lair:8)
  9 trolls
  A tengu conjurer (D:10)
  16 yaktaurs
  A pale draconian skeleton (Crypt:1)
  4 deep elf priests
  A jumping spider (Vaults:3)
  7 blink frogs
  12 freezing wraiths
  A wind drake (shapeshifter) (D:15)
  7 two-headed ogres
  A slime creature (Vaults:2)
  Prince Ribbit (D:7)
  3 bog bodies
  3 ravens (Swamp:2)
  A flying skull (Crypt:3)
  22 deep elf magi
  A wyvern (shapeshifter) (D:15)
  3 redbacks
  2 spriggans (Lair:3)
  8 wraiths
  A shadow (Crypt:1)
  5 vampires
  A steam dragon (D:6)
  A hill giant zombie (Crypt:1)
  A water elemental (D:12)
  3 hungry ghosts
  A fire elemental (Elf:1)
  A basilisk (Lair:6)
  6 hippogriffs
  7 wolves
  24 deep elf fighters
  33 yaks
  2 insubstantial wisps (Swamp:1)
  3 swamp worm simulacra (Swamp:4)
  7 swamp worms
  10 vampire mosquitoes
  6 water moccasins
  13 nagas
  A hell hound (Elf:1)
  5 wargs
  A soldier ant (D:11)
  3 raven skeletons (Crypt:3)
  3 hydra simulacra (Swamp:4)
  2 putrid demonspawn zombies (Crypt:2)
  A putrid demonspawn skeleton (Crypt:2)
  A porcupine (shapeshifter) (Vaults:4)
  A mottled dragon (Vaults:1)
  Duvessa (D:7)
  3 black bears
  2 wasps
  3 phantoms
  35 orc warriors
  2 swamp drakes
  3 spiders (Snake:4)
  4 boggarts
  An eye of draining (D:14)
  13 necrophages
  A porcupine (Lair:5)
  6 centaurs
  3 ice beasts
  4 electric eels
  2 sky beasts
  6 crocodiles
  30 ogres
  2 big kobolds (D:13)
  A brain worm (D:12)
  16 giant frogs
  2 gnoll sergeants
  Blork the orc (Orc:4)
  Dowan (D:7)
  A water moccasin skeleton (D:9)
  A wyvern skeleton (D:14)
  8 wights
  4 scorpions
  14 killer bees
  A giant frog zombie (D:8)
  32 orc wizards
  A human zombie (Crypt:1)
  3 hounds
  2 jellies
  3 centaur skeletons
  An orc zombie (Orc:4)
  7 crimson imps
  7 giant frog skeletons
  30 orc priests
  8 iguanas
  Terence (D:3)
  8 worker ants
  2 sheep (Lair:8)
  A hound zombie (D:6)
  A worker ant zombie (D:6)
  Robin (D:3)
  56 river rats
  12 gnolls
  2 orc skeletons (Orc:4)
  11 adders
  5 shadow imps
  3 white imps (Lair:8)
  2 swamp drake simulacra (Swamp:4)
  3 worms
  An adder zombie (D:7)
  162 orcs
  A bat skeleton (D:6)
  A bat zombie (D:5)
  29 goblins
  11 hobgoblins
  18 jackals
  26 kobolds
  6 quokkas
  A ball python (D:6)
  12 bats
  2 giant cockroaches
  A giant gecko (D:3)
  A giant gecko skeleton (D:4)
  3 giant newts (D:2)
  A quokka skeleton (D:7)
  18 rats
  A rat skeleton (Crypt:2)
  4 briar patches (Swamp:3)
  2 bushes (Elf:3)
  A crawling corpse (Elf:3)
  16 fungi
  9 plants
1277 creatures vanquished.

Vanquished Creatures (collateral kills)
  Frederick (Crypt:2)
  Norris (Elf:3)
  The ghost of nuthulu the Hoplite, a mighty GrFi of Okawaru (Vaults:4)
  Rupert (Lair:8)
  A tentacled monstrosity (Swamp:4)
  A deep elf blademaster (Elf:3)
  A lich (Crypt:3)
  A deep elf master archer (Elf:3)
  A sphinx (Elf:3)
  Gastronok (Orc:1)
  A storm dragon (Vaults:5)
  A tengu reaver (Vaults:4)
  2 thorn hunters (Swamp:3)
  Roxanne (Snake:2)
  5 greater nagas
  3 revenants (Crypt:1)
  Wiglaf (Elf:3)
  2 frost giants
  6 deep elf sorcerers (Elf:3)
  Louise (Swamp:1)
  5 vault wardens
  7 ghouls
  6 ironheart preservers
  2 vampire knights
  7 deep elf demonologists
  6 stone giants
  3 very ugly things
  8 deep elf annihilators (Elf:3)
  3 eidola
  2 crystal guardians
  2 ettins
  14 vault guards
  A jiangshi (Crypt:1)
  5 deep elf death magi
  5 deep elf high priests (Elf:3)
  A great orb of eyes (Vaults:1)
  3 yaktaur captains (Vaults:2)
  16 hydras
  4 fire dragons
  8 naga warriors
  4 ice dragons
  3 catoblepae (Lair:8)
  A rakshasa (Vaults:1)
  2 centaur warriors
  13 anacondas
  A salamander stormcaller (Vaults:3)
  The ghost of Zwobot the Spry, a powerful FeEn of Kikubaaqudgha (Swamp:2)
  2 death knights (Crypt:3)
  6 death yaks (Lair:8)
  A deep troll earth mage (Vaults:1)
  9 ogre magi
  A deep troll shaman (Vaults:1)
  7 alligators
  9 naga sharpshooters
  8 dancing weapons (Elf:2)
  2 vampire magi
  An orc high priest (Elf:3)
  10 deep elf knights
  A soul eater (Crypt:1)
  2 shadow wraiths (Vaults:4)
  7 shock serpents
  A fire crab (Vaults:3)
  7 salamander mystics
  2 unseen horrors
  14 skeletal warriors
  2 deep elf summoners
  3 deep trolls
  3 spriggan druids
  A death drake (shapeshifter) (Vaults:3)
  3 swamp dragons
  A lindwurm (shapeshifter) (Vaults:2)
  2 lindwurms (Snake:4)
  6 naga ritualists
  A shambling mangrove (Swamp:3)
  A large abomination (Elf:3)
  2 giant orange brains (Vaults:4)
  9 deep elf conjurers
  13 orc knights
  4 hill giants
  A flayed ghost (Crypt:2)
  8 ironbrand convokers
  3 wizards
  11 phantasmal warriors
  4 cyclopes
  An orc sorcerer (Orc:3)
  A harpy (Vaults:2)
  2 wolf spiders
  A fire drake (Lair:7)
  13 mana vipers
  9 salamanders
  2 salamanders (shapeshifter)
  16 ugly things
  25 naga magi
  19 black mambas
  A moth of wrath (shapeshifter) (Vaults:3)
  2 griffons
  5 guardian serpents
  A centaur zombie (D:13)
  Psyche (D:10)
  A gargoyle (D:13)
  7 vault sentinels
  A torpor snail (Lair:3)
  A kobold demonologist (Vaults:2)
  3 komodo dragons
  13 yaktaurs
  16 spiny frogs
  8 freezing wraiths
  A troll (shapeshifter) (Vaults:1)
  2 trolls
  10 deep elf priests
  7 ravens
  A frost giant simulacrum (Vaults:2)
  7 giant leeches
  9 bog bodies
  2 fire vortices (Vaults:3)
  3 boulder beetles
  12 two-headed ogres
  15 slime creatures
  16 blink frogs
  A blink frog (shapeshifter) (Elf:1)
  3 redbacks
  13 spriggans
  11 deep elf fighters
  3 flying skulls (Crypt:3)
  10 deep elf magi
  2 wraiths (Crypt:1)
  4 shadows
  47 yaks
  5 hippogriffs
  6 wolves
  A swamp worm simulacrum (Swamp:4)
  A fire elemental (Elf:1)
  23 vampire mosquitoes
  7 insubstantial wisps (Swamp:1)
  27 nagas
  A raven skeleton (Crypt:3)
  5 basilisks
  2 wargs
  A salamander zombie (Snake:4)
  11 water moccasins
  10 hydra simulacra (Swamp:4)
  16 swamp worms
  5 porcupines
  19 orc warriors
  2 mottled dragons
  A spiny frog skeleton (Crypt:1)
  An elephant zombie (Lair:7)
  25 ogres
  A hell hound (Elf:1)
  2 spiders (Snake:4)
  2 sky beasts
  10 wasps
  2 orc zombies
  7 swamp drakes
  An eye of draining (shapeshifter) (Vaults:3)
  2 boggarts
  6 necrophages
  A lindwurm zombie (Crypt:1)
  A phantom (D:10)
  2 ice beasts
  A centaur (D:10)
  A hog skeleton (Crypt:1)
  7 crocodiles
  A big kobold (shapeshifter) (Vaults:2)
  A fire crab zombie (Crypt:2)
  5 giant frogs
  A warg zombie (Orc:4)
  A scorpion (D:12)
  A killer bee (D:10)
  A queen bee zombie (Crypt:1)
  6 electric eels
  A troll zombie (Vaults:4)
  6 wights
  4 crimson imps
  A wasp zombie (Crypt:2)
  A hound (D:10)
  11 orc priests
  A giant frog zombie (D:11)
  10 orc wizards
  4 worker ants
  A giant frog skeleton (D:12)
  3 centaur skeletons
  5 iguanas
  2 hound skeletons
  A gnoll (D:12)
  44 river rats
  A shadow imp (D:14)
  9 white imps (Lair:8)
  2 swamp drake simulacra (Swamp:4)
  70 orcs
  4 hobgoblins
  A kobold (D:13)
  7 goblins
  2 briar patches (Swamp:3)
  A bush (D:15)
  7 crawling corpses
  18 fungi
  22 plants
1133 creatures vanquished.

Vanquished Creatures (others)
  6 bone dragons
  7 ghouls
  A vault guard (Vaults:4)
  9 death cobs
  A rakshasa (Vaults:2)
  2 spectral humans
  A deep elf knight (Elf:3)
  13 skeletal warriors
  12 flayed ghosts
  A golden dragon zombie (Vaults:5)
  A spriggan druid (Swamp:4)
  An anaconda zombie (Snake:4)
  9 phantasmal warriors
  5 ugly thing zombies
  A spectral hill giant (Lair:3)
  A mana viper (Snake:2)
  A shock serpent zombie (Snake:4)
  2 black mambas
  4 ghoul skeletons
  A deep elf priest (Elf:2)
  2 harpy zombies (Vaults:3)
  3 hydra zombies
  A fire vortex (Vaults:3)
  A guardian serpent zombie (Snake:4)
  5 black mamba zombies
  12 flying skulls
  11 vampires
  A deep elf mage (Vaults:4)
  A wraith (Swamp:4)
  A spectral troll (Lair:8)
  A deep elf fighter (Elf:2)
  A giant leech zombie (Swamp:4)
  2 raven zombies
  2 deep troll zombies (Elf:3)
  2 elf skeletons (Elf:1)
  A naga (Snake:2)
  A hell hound (Elf:1)
  2 swamp worms (Swamp:4)
  4 spiny frog zombies
  A lindwurm zombie (Snake:4)
  A vampire mosquito zombie (Vaults:2)
  5 yaktaur zombies
  A salamander zombie (Snake:2)
  2 hell hound zombies (Elf:1)
  2 spider zombies (Snake:4)
  A water moccasin zombie (Lair:2)
  A warg zombie (Vaults:3)
  5 yak zombies
  2 tengu zombies
  2 hippogriff zombies
  3 spriggan zombies (Swamp:4)
  2 wasp zombies
  A wolf zombie (Lair:7)
  3 wights
  A giant frog zombie (D:9)
  A centaur zombie (D:12)
  12 elf zombies
  5 two-headed ogre zombies
  3 bog body skeletons
  A basilisk zombie (Lair:3)
  A black bear zombie (D:9)
  5 naga zombies (Snake:4)
  A brain worm zombie (D:12)
  9 killer bee zombies
  14 human zombies
  5 ogre zombies
  A hound zombie (D:13)
  5 necrophage skeletons
  A mummy (Orc:4)
  A scorpion zombie (D:11)
  2 electric eel zombies
  An iguana zombie (Lair:5)
  A hobgoblin zombie (Orc:3)
  A kobold zombie (D:13)
  2 orc skeletons
  48 orc zombies
  9 river rat zombies
  A bush (D:15)
  A fungus (Lair:6)
  7 lost souls
  2 plants
306 creatures vanquished.

Grand Total: 2716 creatures vanquished

Notes
Turn   | Place    | Note
--------------------------------------------------------------
     0 | D:1      | sqallbeste the Hill Orc Fighter began the quest for the Orb.
     0 | D:1      | Reached XP level 1. HP: 19/19 MP: 1/1
   257 | D:1      | Reached XP level 2. HP: 27/27 MP: 2/2
  1055 | D:2      | Reached XP level 3. HP: 26/33 MP: 3/3
  1092 | D:2      | Found a white marble altar of Elyvilon.
  1139 | D:2      | Reached skill level 4 in Shields
  1290 | D:2      | Found a glowing golden altar of the Shining One.
  1596 | D:2      | Reached XP level 4. HP: 37/40 MP: 4/4
  1837 | D:3      | Noticed Terence
  1854 | D:3      | Killed Terence
  2000 | D:3      | Reached XP level 5. HP: 26/47 MP: 5/5
  2033 | D:3      | Noticed Robin
  2044 | D:3      | Killed Robin
  2080 | D:3      | Found a radiant altar of Vehumet.
  2265 | D:3      | Found a sacrificial altar of Ru.
  2731 | D:4      | Reached XP level 6. HP: 12/55 MP: 6/6
  3301 | D:4      | Noticed an ogre
  3308 | D:4      | Killed an ogre
  3308 | D:4      | Reached skill level 5 in Fighting
  3308 | D:4      | Reached skill level 5 in Shields
  3310 | D:4      | Reached skill level 5 in Axes
  3458 | D:4      | Found a blossoming altar of Fedhas.
  3465 | D:4      | Got a scorched mace
  3467 | D:4      | Identified the cursed +1 mace "Teigguuz" {antimagic, *Rage rF- Int+10} (You found it on level 4 of the Dungeon)
  3522 | D:5      | Entered Level 5 of the Dungeon
  3606 | D:5      | Reached skill level 5 in Armour
  3606 | D:5      | Reached XP level 7. HP: 37/61 MP: 7/7
  4362 | D:6      | Found an iron altar of Okawaru.
  4381 | D:6      | Reached skill level 6 in Axes
  4736 | D:6      | Reached XP level 8. HP: 53/70 MP: 8/8
  4891 | D:6      | Reached skill level 7 in Axes
  5349 | D:6      | Noticed a steam dragon
  5356 | D:6      | Killed a steam dragon
  5394 | D:6      | Found a shimmering altar of Xom.
  5710 | D:7      | Found a staircase to the Ecumenical Temple.
  5739 | D:7      | Reached skill level 8 in Axes
  5739 | D:7      | Reached XP level 9. HP: 72/80 MP: 9/9
  5762 | D:7      | Found a basalt altar of Yredelemnul.
  5765 | D:7      | Noticed Prince Ribbit
  5778 | Temple   | Entered the Ecumenical Temple
  5871 | Temple   | Became a worshipper of Gozag Ym Sagoz the Greedy
  5910 | D:7      | Killed Prince Ribbit
  5960 | D:7      | Fell from the grace of Gozag
  5960 | D:7      | Became a worshipper of Yredelemnul the Dark
  5986 | D:7      | Found a bloodstained altar of Trog.
  6059 | D:7      | Found a sparkling altar of Nemelex Xobeh.
  6088 | D:7      | Noticed Duvessa
  6088 | D:7      | Noticed Dowan
  6100 | D:7      | Killed Duvessa
  6124 | D:7      | Killed Dowan
  6734 | D:7      | Reached skill level 9 in Axes
  6772 | D:7      | Found an ancient bone altar of Kikubaaqudgha.
  7157 | D:8      | Noticed Maurice
  7212 | D:7      | Killed Maurice
  7526 | D:7      | Acquired Yredelemnul's first power
  7686 | D:8      | Reached skill level 10 in Axes
  7703 | D:8      | Reached XP level 10. HP: 39/91 MP: 10/10
  7734 | D:8      | Noticed Joseph
  7748 | D:8      | Killed Joseph
  8474 | D:8      | HP: 2/92 [ogre/giant club (22)]
  8766 | D:8      | Reached skill level 11 in Axes
  9120 | D:9      | Reached skill level 1 in Invocations
  9151 | D:9      | Reached skill level 5 in Invocations
  9264 | D:9      | Was forgiven by Gozag
  9279 | D:9      | Found a stormy altar of Qazlal.
  9321 | D:9      | Noticed Erolcha
  9327 | D:9      | Found a staircase to the Lair.
  9709 | D:9      | Killed Erolcha
  9986 | D:9      | Acquired Yredelemnul's second power
 10052 | D:10     | Entered Level 10 of the Dungeon
 10096 | D:10     | Reached XP level 11. HP: 61/99 MP: 17/17
 10318 | D:10     | Found Vuoxodomua's Antique Armour Shop.
 10730 | D:10     | Noticed Psyche
 10738 | D:10     | Killed Psyche
 10766 | D:10     | Reached skill level 10 in Invocations
 11201 | D:10     | Noticed a hill giant
 11205 | D:10     | Your ally Psyche died
 11214 | D:10     | Killed a hill giant
 11214 | D:10     | Reached skill level 12 in Axes
 11558 | D:11     | Noticed a hill giant
 11569 | D:10     | Acquired Yredelemnul's third power
 11578 | D:10     | Killed a hill giant
 11784 | D:11     | Reached skill level 13 in Axes
 11811 | D:11     | Found Kaka's Book Shoppe.
 11910 | D:11     | Noticed a hill giant
 11918 | D:11     | Killed a hill giant
 12219 | D:11     | Received a gift from Yredelemnul
 12301 | D:11     | Noticed a five-headed hydra
 12311 | D:11     | Killed a five-headed hydra
 12311 | D:11     | Reached skill level 14 in Axes
 12841 | D:11     | Noticed a hill giant
 12848 | D:11     | Killed a hill giant
 12908 | D:12     | Killed an unseen horror
 12974 | D:12     | Reached XP level 12. HP: 92/106 MP: 19/19
 13470 | D:12     | Found a flagged portal.
 13488 | Bailey   | Entered a bailey
 13517 | Bailey   | Acquired Yredelemnul's fourth power
 14419 | D:12     | Noticed a centaur warrior
 14428 | D:12     | Killed a centaur warrior
 14613 | D:12     | Found a staircase to the Orcish Mines.
 14649 | D:12     | Reached skill level 10 in Shields
 14649 | D:12     | Received a gift from Yredelemnul
 14727 | D:12     | Got a heavily runed zirconium amulet
 14740 | Orc:1    | Entered Level 1 of the Orcish Mines
 14760 | Orc:1    | Found Ajun's Gadget Emporium.
 14810 | Orc:1    | Found Cygotz Ysee's Armour Boutique.
 15048 | Orc:2    | Received a gift from Yredelemnul
 15378 | Orc:4    | Entered Level 4 of the Orcish Mines
 15378 | Orc:4    | Found a staircase to the Elven Halls.
 15486 | Orc:4    | Found Plog's Antique Weapon Emporium.
 15523 | Orc:4    | Found a roughly hewn altar of Beogh.
 15526 | Orc:4    | Received a gift from Yredelemnul
 15598 | Orc:4    | Noticed an orc high priest
 15599 | Orc:4    | Noticed Blork the orc
 15599 | Orc:4    | Paralysed by an orc sorcerer for 7 turns
 15615 | Orc:4    | Killed Blork the orc
 15617 | Orc:4    | Killed an orc high priest
 15645 | Orc:4    | Noticed an orc warlord
 16121 | Orc:3    | Reached skill level 10 in Armour
 16136 | Orc:3    | Noticed Josephine
 16148 | Orc:3    | Killed Josephine
 16419 | Orc:3    | Reached skill level 10 in Fighting
 16598 | Orc:3    | Received a gift from Yredelemnul
 16603 | Orc:3    | Found Wyceif's Whimsical Warehouse.
 16805 | Orc:2    | Found Heyvum's Quality Used Wands.
 16816 | Orc:2    | Reached skill level 15 in Axes
 16820 | Orc:2    | Received a gift from Yredelemnul
 17020 | Orc:1    | Noticed Gastronok
 17022 | Orc:1    | Received a gift from Yredelemnul
 17038 | Orc:1    | Reached XP level 13. HP: 14/113 MP: 18/20
 17041 | Orc:1    | Found Ciask's Distillery.
 17066 | Orc:1    | Killed Gastronok
 17080 | Orc:1    | Bought a potion of curing for 51 gold pieces
 17080 | Orc:1    | Bought a potion of agility for 68 gold pieces
 17080 | Orc:1    | Bought a potion of agility for 68 gold pieces
 17080 | Orc:1    | Bought a potion of heal wounds for 85 gold pieces
 17085 | Orc:1    | Received a gift from Yredelemnul
 17262 | Orc:1    | Found Luvufask's Book Boutique.
 17400 | Orc:3    | Killed an orc warlord
 18319 | Orc:4    | Found a roughly hewn altar of Beogh.
 18345 | Orc:4    | Found Hovuhed's General Store.
 18437 | Orc:4    | Received a gift from Yredelemnul
 18457 | Orc:4    | Noticed Saint Roka
 18574 | Orc:2    | Killed Saint Roka
 18935 | Orc:4    | Received a gift from Yredelemnul
 18996 | Orc:4    | Acquired Yredelemnul's fifth power
 19185 | Orc:4    | Identified the amulet "Olunkih" {Faith *Drain Str+2 Int+4} (You took it off an orc priest on level 12 of the Dungeon)
 19221 | Orc:4    | Found Seaxt's Antique Weapon Shoppe.
 19254 | Orc:4    | Found Pydof's Jewellery Shoppe.
 19265 | Orc:4    | Bought an uncursed ring of see invisible for 180 gold pieces
 19304 | Orc:4    | Bought a potion of curing for 51 gold pieces
 19304 | Orc:4    | Bought a scroll of teleportation for 51 gold pieces
 19304 | Orc:4    | Bought a potion of heal wounds for 85 gold pieces
 19304 | Orc:4    | Bought 3 scrolls of teleportation for 153 gold pieces
 19317 | Orc:4    | Found Foen's Antique Armour Shoppe.
 20231 | D:13     | Received a gift from Yredelemnul
 20252 | D:13     | Found a sparkling altar of Nemelex Xobeh.
 20310 | D:13     | Received a gift from Yredelemnul
 20774 | D:13     | Received a gift from Yredelemnul
 21023 | D:13     | Received a gift from Yredelemnul
 21413 | D:14     | Got a serpentine bone ring
 21473 | D:14     | Reached skill level 16 in Axes
 21503 | D:14     | Found a gate to the Vaults.
 21503 | D:14     | Noticed a vault guard
 21503 | D:14     | Noticed a vault guard
 21503 | D:14     | Noticed a vault guard
 21509 | D:14     | Killed a vault guard
 21509 | D:14     | Reached XP level 14. HP: 124/124 MP: 5/24
 21510 | D:14     | Noticed a vault guard
 21527 | D:14     | Killed a vault guard
 21527 | D:14     | Killed a vault guard
 21533 | D:14     | Killed a vault guard
 21907 | D:15     | Entered Level 15 of the Dungeon
 22051 | D:15     | Found Zosugher's Antique Weapon Shop.
 22144 | D:15     | Found Veechag's Weapon Boutique.
 22252 | D:15     | Reached skill level 1 in Dodging
 22253 | D:15     | Received a gift from Yredelemnul
 22286 | D:15     | Found Neoclobi's Food Shoppe.
 22289 | D:15     | Bought a meat ration for 55 gold pieces
 22289 | D:15     | Bought a meat ration for 55 gold pieces
 22289 | D:15     | Bought a meat ration for 55 gold pieces
 22289 | D:15     | Bought a meat ration for 55 gold pieces
 22473 | D:15     | Found Jeyhoj's Weapon Shop.
 22485 | D:15     | Found a portal to a secret trove of treasure.
 22530 | D:15     | Found a staircase to the Depths.
 22531 | D:15     | Noticed a frost giant
 22538 | D:15     | Killed a frost giant
 22853 | D:15     | Found Vuwail's Distillery.
 22861 | D:15     | Bought a potion of agility for 44 gold pieces
 22861 | D:15     | Bought a potion of curing for 33 gold pieces
 22861 | D:15     | Bought a potion of heal wounds for 55 gold pieces
 22861 | D:15     | Bought a potion of curing for 33 gold pieces
 23006 | D:15     | Reached skill level 17 in Axes
 23131 | D:10     | Noticed a hill giant
 23142 | D:10     | Killed a hill giant
 23209 | Lair:1   | Entered Level 1 of the Lair of Beasts
 23227 | D:9      | Identified the ring "Nuismur" {rN+ MR+ Dex+2} (You found it on level 14 of the Dungeon)
 23486 | Lair:1   | Received a gift from Yredelemnul
 24055 | Lair:2   | Received a gift from Yredelemnul
 24597 | Lair:2   | Received a gift from Yredelemnul
 24808 | Lair:3   | Found a staircase to the Snake Pit.
 24822 | Lair:3   | Reached skill level 18 in Axes
 24841 | Lair:3   | Received a gift from Yredelemnul
 24845 | Lair:3   | Received a gift from Yredelemnul
 24877 | Lair:3   | Received a gift from Yredelemnul
 25930 | Lair:4   | Received a gift from Yredelemnul
 26366 | Lair:5   | Reached skill level 19 in Axes
 26371 | Lair:5   | Reached XP level 15. HP: 132/132 MP: 25/25
 26454 | Lair:5   | Received a gift from Yredelemnul
 26533 | Lair:5   | Received a gift from Yredelemnul
 27015 | Lair:5   | Found a staircase to the Swamp.
 27146 | Lair:6   | Received a gift from Yredelemnul
 27306 | Lair:6   | Gained mutation: You can spit weak poison. [potion of mutation]
 27306 | Lair:6   | Gained mutation: Your body sometimes deteriorates upon taking damage. [potion of mutation]
 27306 | Lair:6   | Gained mutation: You possess an exceptional clarity of mind. [potion of mutation]
 28107 | Lair:7   | Received a gift from Yredelemnul
 28192 | Lair:7   | Reached skill level 20 in Axes
 28522 | Lair:7   | Received a gift from Yredelemnul
 28727 | Lair:8   | Entered Level 8 of the Lair of Beasts
 28913 | Lair:8   | Found a viscous altar of Jiyva.
 28913 | Lair:8   | Found a staircase to the Slime Pits.
 28917 | Lair:8   | Noticed Snorg
 28925 | Lair:8   | Killed Snorg
 28925 | Lair:8   | Enslaved Snorg
 28949 | Lair:8   | Received a gift from Yredelemnul
 28977 | Lair:8   | Noticed Rupert
 28986 | Lair:8   | Your ally Snorg died
 28987 | Lair:8   | Killed Rupert
 29044 | Lair:8   | Received a gift from Yredelemnul
 29159 | Lair:8   | Received a gift from Yredelemnul
 29329 | Lair:8   | Gained mutation: You are partially covered in thin metallic scales (AC +2). [potion of beneficial mutation]
 30147 | Lair:8   | Received a gift from Yredelemnul
 30537 | Swamp:1  | Entered Level 1 of the Swamp
 30546 | Swamp:1  | Noticed Louise
 30571 | Swamp:1  | Killed Louise
 30595 | Swamp:1  | Received a gift from Yredelemnul
 31176 | Swamp:2  | Noticed Zwobot's ghost (powerful FeEn)
 31184 | Swamp:2  | Killed Zwobot's ghost
 31283 | Swamp:2  | Lost mutation: Your body sometimes deteriorates upon taking damage. [potion of cure mutation]
 31283 | Swamp:2  | Lost mutation: You possess an exceptional clarity of mind. [potion of cure mutation]
 31307 | Swamp:2  | Reached XP level 16. HP: 118/139 MP: 24/26
 31451 | Swamp:2  | Received a gift from Yredelemnul
 31467 | Swamp:2  | Reached skill level 15 in Armour
 31632 | Swamp:3  | Noticed a thorn hunter
 31638 | Swamp:3  | Killed a thorn hunter
 31770 | Swamp:3  | Noticed a thorn hunter
 31785 | Swamp:3  | Killed a thorn hunter
 32121 | Swamp:4  | Entered Level 4 of the Swamp
 32121 | Swamp:4  | Noticed a tentacled monstrosity
 32134 | Swamp:4  | Killed a tentacled monstrosity
 32283 | Swamp:4  | Received a gift from Yredelemnul
 32653 | Swamp:4  | Noticed a thorn hunter
 32660 | Swamp:4  | Killed a thorn hunter
 33497 | Swamp:4  | Got a decaying rune of Zot
 34174 | Orc:4    | Bought a royal jelly for 34 gold pieces
 34359 | D:15     | Bought a bread ration for 55 gold pieces
 34359 | D:15     | Bought a bread ration for 55 gold pieces
 34359 | D:15     | Bought a bread ration for 55 gold pieces
 34359 | D:15     | Bought a bread ration for 55 gold pieces
 34359 | D:15     | Bought a bread ration for 55 gold pieces
 34359 | D:15     | Bought a bread ration for 55 gold pieces
 34458 | Vaults:1 | Entered Level 1 of the Vaults
 34474 | Vaults:1 | Received a gift from Yredelemnul
 34800 | Vaults:1 | Found a flickering gateway to a bazaar.
 34806 | Bazaar   | Entered a bazaar
 34808 | Bazaar   | Found Libriw's Antique Armour Shop.
 34817 | Bazaar   | Found Jinurgh's Magic Scroll Shoppe.
 34819 | Bazaar   | Bought a pair of gloves for 171 gold pieces
 34827 | Bazaar   | Found Ribou's Antique Armour Shop.
 34831 | Bazaar   | Bought a scroll of teleportation for 27 gold pieces
 34850 | Bazaar   | Found Xedish's General Store.
 34862 | Bazaar   | Found Nemaerup's Book Emporium.
 34896 | Bazaar   | Bought a pair of glowing gloves for 153 gold pieces
 34972 | Vaults:1 | Received a gift from Yredelemnul
 35909 | Vaults:1 | Reached XP level 17. HP: 100/150 MP: 24/27
 36622 | Vaults:2 | Received a gift from Yredelemnul
 36773 | Vaults:2 | Received a gift from Yredelemnul
 36784 | Vaults:2 | Reached skill level 15 in Fighting
 36787 | Vaults:2 | Found a staircase to the Crypt.
 36964 | Vaults:2 | Received a gift from Yredelemnul
 37236 | Vaults:2 | Identified a scroll of acquirement
 37237 | Vaults:2 | Got a polished shield
 37248 | Vaults:2 | Identified the +1 shield "Vearar" {+Inv Str+5} (You acquired it on level 2 of the Vaults)
 37298 | Vaults:2 | Received a gift from Yredelemnul
 37305 | Vaults:2 | Received a gift from Yredelemnul
 37322 | Vaults:2 | Received a gift from Yredelemnul
 37974 | Vaults:2 | Received a gift from Yredelemnul
 38302 | Vaults:3 | Received a gift from Yredelemnul
 38421 | Vaults:3 | Received a gift from Yredelemnul
 38546 | Vaults:3 | Received a gift from Yredelemnul
 38640 | Vaults:3 | Received a gift from Yredelemnul
 38817 | Vaults:3 | Reached XP level 18. HP: 111/163 MP: 28/28
 38959 | Vaults:3 | Received a gift from Yredelemnul
 39247 | Vaults:3 | Reached skill level 15 in Shields
 40098 | Vaults:4 | Received a gift from Yredelemnul
 40131 | Vaults:4 | Noticed nuthulu's ghost (mighty GrFi)
 40142 | Vaults:4 | Killed nuthulu's ghost
 40214 | Vaults:4 | Received a gift from Yredelemnul
 40243 | Vaults:4 | Received a gift from Yredelemnul
 40410 | Vaults:4 | Received a gift from Yredelemnul
 40864 | Vaults:4 | Found Nuarcheg's Food Emporium.
 41627 | Snake:1  | Entered Level 1 of the Snake Pit
 41632 | Lair:3   | Received a gift from Yredelemnul
 41954 | Snake:1  | Received a gift from Yredelemnul
 42572 | Snake:2  | Noticed Roxanne
 42600 | Snake:2  | Killed Roxanne
 42906 | Snake:2  | Found a runed door.
 42920 | Snake:2  | Received a gift from Yredelemnul
 42928 | Snake:2  | Reached XP level 19. HP: 54/183 MP: 21/29
 43303 | Snake:2  | Received a gift from Yredelemnul
 43490 | Snake:2  | Found a flickering gateway to a bazaar.
 43557 | Bazaar   | Entered a bazaar
 43557 | Bazaar   | Found Ofisyi's Antique Weapon Shop.
 43572 | Bazaar   | Found Mizanab's Antique Armour Shop.
 43596 | Bazaar   | Found Kuilirph's Distillery.
 43604 | Bazaar   | Bought a potion of heal wounds for 45 gold pieces
 43604 | Bazaar   | Bought a potion of curing for 27 gold pieces
 43604 | Bazaar   | Bought a potion of beneficial mutation for 315 gold pieces
 43609 | Bazaar   | Gained mutation: Your muscles are strong. (Str +2) [potion of beneficial mutation]
 43644 | Bazaar   | Bought a pair of embroidered boots for 99 gold pieces
 44811 | Snake:3  | Received a gift from Yredelemnul
 45353 | Snake:4  | Entered Level 4 of the Snake Pit
 45421 | Snake:4  | Received a gift from Yredelemnul
 45532 | Snake:4  | Received a gift from Yredelemnul
 45710 | Snake:4  | Received a gift from Yredelemnul
 45990 | Snake:4  | Got a brightly glowing lajatang
 45996 | Snake:4  | Identified the +5 lajatang "Restaohu" {drain, rC+ MP+9 Str-4 Stlth+} (You took it off a salamander on level 4 of the Snake Pit)
 46202 | Snake:4  | Found a glowing silver altar of Zin.
 46276 | Snake:4  | Received a gift from Yredelemnul
 46353 | Snake:4  | Received a gift from Yredelemnul
 46361 | Snake:4  | Reached skill level 21 in Fighting
 46560 | Snake:4  | Received a gift from Yredelemnul
 46637 | Snake:4  | Got a serpentine rune of Zot
 47311 | Vaults:4 | Bought a bread ration for 60 gold pieces
 47311 | Vaults:4 | Bought a bread ration for 60 gold pieces
 47311 | Vaults:4 | Bought a bread ration for 60 gold pieces
 47311 | Vaults:4 | Bought a bread ration for 60 gold pieces
 47332 | Vaults:5 | Entered Level 5 of the Vaults
 47349 | Vaults:5 | Received a gift from Yredelemnul
 47358 | Vaults:5 | Received a gift from Yredelemnul
 47361 | Vaults:5 | Reached skill level 22 in Fighting
 47367 | Vaults:5 | Reached XP level 20. HP: 132/200 MP: 2/30
 47404 | Vaults:5 | Noticed an ancient lich
 47439 | Vaults:5 | Noticed a golden dragon
 47998 | Elf:1    | Entered Level 1 of the Elven Halls
 48021 | Elf:1    | Received a gift from Yredelemnul
 48039 | Elf:1    | Noticed Azrael
 48044 | Elf:1    | Found a flickering gateway to a bazaar.
 48057 | Elf:1    | Killed Azrael
 48083 | Elf:1    | Got a transparent quarterstaff
 48113 | Bazaar   | Entered a bazaar
 48113 | Bazaar   | Found Zyra's Weapon Shop.
 48113 | Bazaar   | Found Yxkoepn's Antique Armour Emporium.
 48113 | Bazaar   | Found Atraq's Antique Weapon Shop.
 48113 | Bazaar   | Found Vialuetau's Gadget Shoppe.
 48390 | Elf:1    | Identified the Grimoire of Plaster Cramp
 48443 | Elf:1    | Identified Ts'ui Pên's Catalogue of Forking Paths
 48450 | Elf:1    | Identified the Catalogue of Axaxaxas mlö
 48614 | Elf:1    | Identified the Tome of Conjuration and Flames
 48875 | Elf:1    | Received a gift from Yredelemnul
 48897 | Elf:1    | Reached skill level 15 in Invocations
 49336 | Elf:1    | Received a gift from Yredelemnul
 50000 | Elf:2    | Received a gift from Yredelemnul
 50152 | Elf:2    | Found a runed gate.
 50152 | Elf:2    | Found a runed gate.
 50152 | Elf:2    | Found a runed gate.
 50248 | Elf:2    | Received a gift from Yredelemnul
 50908 | Elf:3    | Entered Level 3 of the Elven Halls
 51324 | Elf:3    | Received a gift from Yredelemnul
 51348 | Elf:3    | Received a gift from Yredelemnul
 51606 | Elf:3    | Received a gift from Yredelemnul
 51610 | Elf:3    | Reached skill level 5 in Dodging
 51830 | Elf:3    | Noticed Donald
 51836 | Elf:3    | Killed Donald
 51836 | Elf:3    | Enslaved Donald
 51898 | Elf:3    | Noticed Asterion
 51907 | Elf:3    | Killed Asterion
 52034 | Elf:3    | Your ally Donald died
 52100 | Elf:3    | Reached XP level 21. HP: 59/209 MP: 25/32
 52215 | Elf:3    | Received a gift from Yredelemnul
 52305 | Elf:3    | Noticed Norris
 52312 | Elf:3    | Killed Norris
 52342 | Elf:3    | Noticed Wiglaf
 52353 | Elf:3    | Killed Wiglaf
 52395 | Elf:3    | Received a gift from Yredelemnul
 52431 | Elf:3    | Received a gift from Yredelemnul
 52954 | Elf:3    | Got a brightly glowing ivory ring
 52956 | Elf:3    | Identified the ring "Lulosmos" {*Drain rF+++ rC+ Str-3 Slay+3} (You found it on level 3 of the Elven Halls)
 52982 | Elf:3    | Got a warped robe
 52983 | Elf:3    | Identified the +1 robe of the Old World {-Tele rN+ Str+2 Dex+3} (You found it on level 3 of the Elven Halls)
 53638 | Crypt:1  | Entered Level 1 of the Crypt
 55092 | Crypt:2  | Noticed Frederick
 55099 | Crypt:2  | Killed Frederick
 55164 | Crypt:2  | Noticed Boris
 55206 | Crypt:2  | Killed Boris
 55838 | Crypt:3  | Entered Level 3 of the Crypt
 56124 | Crypt:3  | Reached XP level 22. HP: 216/216 MP: 33/33
 56398 | Crypt:3  | Found a basalt altar of Yredelemnul.
 56808 | Crypt:3  | Identified a +2 pair of boots of running (You found it on level 3 of the Crypt)
 57937 | Vaults:5 | Noticed an ancient lich
 57939 | Vaults:5 | Killed a golden dragon
 57958 | Vaults:5 | Killed from afar by a titan

Vault maps used:
D:1:      lightli_arrival_lavapool, serial_bayou_crossing
D:2:      nicolae_tso_swordbearing_angel, lemuel_doored_altar, st_stairs_8
D:3:      kennysheep_goblin_castle, nicolae_overflow_crystal_walls,
          lemuel_crystal_altar, first_bread, kennysheep_generic_room_6,
          uniq_terence, uniq_robin
D:4:      fedhas_altar_1
D:5:      minmay_misc_feat_columns, nrook_mini_vaults
D:6:      xom_teletrap_fun, okawaru_metal_pillars_1_2
D:7:      nemelex_xobeh_ov_fountains_minmay, kennysheep_mini_moat,
          overflow_temple_1_default, kennysheep_mini, minmay_temple_entry_glass,
          uniq_duvessa, uniq_prince_ribbit1
D:8:      uniq_maurice, uniq_joseph
D:9:      old_standard_altar, lair_0_dummy, uniq_erolcha
D:10:     serial_shops, nicolae_shop_stone, grunt_tengu_nest,
          kennysheep_generic_room_4, uniq_psyche
D:11:     lab_entry_generic, serial_shops, nicolae_shop_behind_doors
D:12:     erik_orc_1, lightli_bailey_entry_fortress, serial_bayou_ford_a
D:13:     basic_altar, st_stairs_10
D:14:     lightli_vaults_fourway_checkpoint
D:15:     grunt_enter_depths_snipers, serial_park_paths, serial_shops, shop,
          shop_statue, nicolae_shop_behind_doors, shop, shop,
          nicolae_trove_entry_crossroad
Temple:   nicolae_temple_great_sept
Lair:2:   serial_bayou_shore_b
Lair:3:   guppyfry_snake_entry_garden, st_stairs_6, forest_entry_grove
Lair:5:   nicolae_swamp_entry_splash_gauntlet, grunt_megastairs_4
Lair:6:   minivault_23, nicolae_lair_grove_arrangements, grunt_megastairs_1
Lair:7:   pond_and_an_island_with_a_cottage, serial_bayou, serial_bayou_pond_e,
          serial_bayou_pond_d, serial_bayou_lake_a, serial_bayou_pond_c,
          serial_bayou_pond_d
Lair:8:   evilmike_catoblepas_cave, slime_altar_1, portal_ice_cave_entry_imps,
          minivault_24, serial_bayou_shore_b, grunt_megastairs_3, uniq_rupert,
          uniq_snorg
Swamp:1:  nicolae_swamp_triple_paths, swamp_pool3, uniq_louise
Swamp:2:  nicolae_swamp_trees_clearing, swamp_pool2
Swamp:3:  hangedman_swamp_cone, infiniplex_staircase_pool
Swamp:4:  swamp_icy
Snake:1:  grunt_ministairs_10, statue_in_the_mist_lemuel,
          nicolae_snake_linked_coils, hangedman_snake_pattern
Snake:2:  serial_shops, bzr_firewalk, lightli_airlock, uniq_roxanne
Snake:3:  special_room, serial_bayou_pond_c
Snake:4:  snake_pit_salamanders_mu, basic_altar, spider_trap,
          nicolae_snake_biting_tails
Orc:1:    serial_shops, shop, shop, nicolae_shop_temple_entry_statues_fountains,
          shop, uniq_gastronok
Orc:2:    nicolae_for_you_no_charge
Orc:3:    nicolae_orc_pool_cavern, nicolae_alphabet_shops, uniq_josephine
Orc:4:    grunt_orc_cross, serial_shops, shop, minmay_orc_temple_a,
          uniq_saint_roka
Elf:1:    serial_shops, bzr_entry_dummy, minmay_elf_annihilation,
          serial_sigils_hangedman_snap, st_stairs_5, hangedman_elf_simple_split,
          bh_hangedman_babel_library, uniq_azrael
Elf:3:    nooodl_elf_gasket, elf_orc_summit_meeting, basic_stair_grate_trap,
          uniq_asterion, uniq_norris, uniq_donald, uniq_wiglaf
Vaults:1: ontoclasm_vaults_idyll, nicolae_vaults_three_branches, v_misc_23,
          v_misc_18, nicolae_vaults_asterisk, nicolae_vaults_halls_meeting,
          hangedman_vaults_snaps, v_misc_22, nicolae_vaults_big_angled_halls,
          grunt_vaults_hallway_short, vaults_dpeg_doors,
          nicolae_vaults_little_ls, hangedman_vaults_slice, serial_shops,
          bzr_entry_safe
Vaults:2: nicolae_vaults_know_your_exits, vaults_room_semicircle,
          minmay_crypt_entry_vampire_xt, vaults_mumra_minichess,
          vaults_room_fours, v_alt_pattern_3,
          nicolae_vaults_stairing_the_circle, vaults_room_pools,
          hangedman_vaults_slice, dpeg_vaults_monster_box
Vaults:3: nicolae_vaults_theta, v_misc_10, v_misc_33, ontoclasm_vaults_tryst,
          hangedman_vaults_restitches, vaults_dpeg_cross,
          hangedman_vaults_stagger, vaults_dpeg_spiral, v_rooms_1,
          nicolae_vaults_murderbox, v_pattern_2, vaults_room_door_ring
Vaults:4: v_misc_9, nicolae_vaults_big_angled_halls, v_rooms_4,
          hangedman_vaults_pinch, ontoclasm_vaults_chip, v_misc_12,
          vaults_room_ringed_pool, st_diamondy, vaults_room_pool,
          vaults_dpeg_encased_lava, v_misc_28, vaults_room_semicircle,
          ontoclasm_vaults_loading_screen, serial_shops, nicolae_shop_stone
Crypt:2:  stair_cage_line, uniq_boris, uniq_frederick
Crypt:3:  evilmike_haunted_forest
Bazaar:   bazaar_kb_twisted_cavern, bazaar_jpeg_cross,
          bazaar_minmay_generic_island
Bailey:   bailey_polearm_4, bailey

Action                   |  1- 3 |  4- 6 |  7- 9 | 10-12 | 13-15 | 16-18 | 19-21 | 22-24 || total
-------------------------+-------+-------+-------+-------+-------+-------+-------+-------++-------
Melee: War axe           |   122 |   231 |   478 |   563 |   832 |   866 |   974 |   310 ||  4376
       Battleaxe         |       |       |       |   217 |    95 |    38 |       |       ||   350
       Mace              |       |       |       |     5 |       |     9 |       |       ||    14
       Morningstar       |       |       |       |       |       |       |    69 |       ||    69
Invok: Animate Remains   |       |       |       |    16 |       |       |       |       ||    16
       Animate Dead      |       |       |       |    48 |    75 |    66 |    41 |     4 ||   234
       Recall Undead Sla |       |       |       |     1 |    11 |    27 |    29 |     1 ||    69
       Drain Life        |       |       |       |     7 |    11 |    10 |    31 |       ||    59
       Enslave Soul      |       |       |       |       |     2 |     3 |     1 |       ||     6
 Abil: Evoke Flight      |       |       |       |       |       |     2 |     1 |       ||     3
       Stop Flying       |       |       |       |       |       |       |     1 |       ||     1
Evoke: Wand              |       |       |       |    10 |     2 |     1 |     1 |     3 ||    17
       Phial of floods   |       |       |       |     1 |       |       |       |       ||     1
       Deck              |       |       |       |       |       |       |     1 |       ||     1
  Use: Scroll            |     1 |    11 |    11 |    17 |    12 |    13 |    15 |     5 ||    85
       Potion            |       |     2 |    10 |    13 |    10 |     2 |    20 |     3 ||    60
 Stab: Distracted        |       |       |       |     5 |    11 |    19 |    29 |     4 ||    68
       Confused          |       |       |       |     1 |     2 |       |       |       ||     3
       Petrifying        |       |       |       |       |     1 |       |       |       ||     1
       Invisible         |       |       |       |       |       |       |     1 |       ||     1
  Eat: Fruit             |     2 |     1 |     1 |     8 |    11 |       |       |       ||    23
       Bread ration      |       |     1 |       |     2 |     4 |    11 |    13 |     3 ||    34
       Chunk             |       |     2 |     3 |     5 |     9 |       |       |       ||    19
       Meat ration       |       |       |     3 |     1 |     2 |       |       |       ||     6
       Beef jerky        |       |       |       |     3 |     2 |       |       |       ||     5
       Pizza             |       |       |       |     1 |     2 |       |       |       ||     3
       Royal jelly       |       |       |       |     1 |     2 |       |       |       ||     3
